 Dungeon Crawl Stone Soup version 0.31-a0-112-gdf0485fa37 (webtiles) character file.

Game seed: 18193641903098514715

10286 Zonian the Grappler (level 11, -1/71 HPs)
             Began as a Tengu Gladiator on May 28, 2023.
             Was an Initiate of Gozag.
             Killed from afar by an acid dragon (27 damage)
             ... with a splash of acid
             ... on level 10 of the Dungeon.
             The game lasted 00:28:04 (11672 turns).

Zonian the Grappler (Tengu Gladiator)              Turns: 11672, Time: 00:28:05

Health: -1/71      AC: 22    Str: 18    XL:     11   Next: 59%
Magic:  12/12      EV: 20    Int:  8    God:    Gozag
Gold:   1411       SH:  7    Dex: 17    Spells: 9/10 levels left

rFire   . .          .
                       - Unarmed
rCold   . . .        K - +2 buckler {AC+3}
rNeg    . . .        I - +4 leather armour of the Date {Harm Stlth+}
rPois   .            b - +0 hat
rElec   .            E - +2 cloak
rCorr   .            F - +0 pair of gloves
SInv    .            (boots unavailable)
Will    .....        (no amulet)
Stlth   +++++        f - +4 ring of protection
HPRegen 0.31/turn    p - +4 ring of protection
MPRegen 0.13/turn

%: harm (+30% outgoing, +20% incoming)
@: flying quickly and evasively, quick
A: beak, talons 3, nimble flight
a: Renounce Religion, Potion Petition, Call Merchant, Bribe Branch


You were on level 10 of the Dungeon.
You worshipped Gozag.
Gozag was most pleased with you.
You visited 2 branches of the dungeon, and saw 11 of its levels.

You collected 1951 gold pieces.
You spent 489 gold pieces at shops.
You paid 51 gold pieces to Gozag.

Inventory:

Hand Weapons
 c - a +2 short sword of protection
 i - a +0 dagger
 q - a +2 spear of freezing
 r - a +2 hand axe of draining
 u - a +0 rapier
 D - a +5 trident
Missiles
 e - 4 boomerangs (quivered)
 S - 16 poisoned darts
Armour
 a - a +0 leather armour
 b - a +0 hat (worn)
 m - a +0 kite shield
 w - a +0 ring mail
 E - a +2 cloak (worn)
 F - a +0 pair of gloves (worn)
 I - the +4 leather armour of the Date (worn) {Harm Stlth+}
   (You bought it in a shop on level 1 of the Dungeon)

   Harm:      It increases damage dealt and taken.
   Stlth:     It makes you more stealthy.
 J - the +0 scale mail of the Sun {Dex+4}
   (You bought it in a shop on level 1 of the Dungeon)

   Dex:       It affects your dexterity (+4).
 K - a +2 buckler of protection (worn)
Jewellery
 f - a +4 ring of protection (left hand)
 p - a +4 ring of protection (right hand)
 v - a ring of wizardry
 B - a ring of ice
 L - a ring of positive energy
 Q - an amulet of reflection
 R - a ring of wizardry
 T - a ring of fire
Wands
 d - a wand of flame (7)
 y - a wand of roots (8)
 C - a wand of paralysis (13)
Scrolls
 h - 3 scrolls of magic mapping
 j - 3 scrolls of noise
 k - 6 scrolls of fog
 n - a scroll of immolation
 H - 2 scrolls of vulnerability {unknown}
 M - a scroll of teleportation
 N - 2 scrolls of brand weapon {unknown}
 O - a scroll of enchant weapon {unknown}
 P - a scroll of poison {unknown}
Potions
 g - 2 potions of might
 l - 10 potions of curing
 o - 4 potions of attraction
 s - 3 potions of brilliance
 t - 2 potions of heal wounds
 x - 2 potions of lignification
 z - 2 potions of mutation
 A - 2 potions of degeneration {unknown}
 G - 2 potions of invisibility {unknown}


   Skills:
 + Level 9.1 Fighting
 - Level 3.1 Throwing
 + Level 10.2 Dodging
 - Level 9.0 Stealth
 - Level 4.0 Shields
 + Level 10.2 Unarmed Combat


You had 9 spell levels left.
You knew the following spells:

 Your Spells              Type           Power      Damage    Failure   Level
a - Beastly Appendage     Tmut           0%         N/A       54%         1

Your spell library contained the following spells:

 Spells                   Type           Power      Damage    Failure   Level
 Freeze                   Ice            0%         1d3       54%         1
 Poisonous Vapours        Pois/Air       0%         N/A       69%         2
 Wereblood                Tmut           0%         N/A       69%         2
 Call Canine Familiar     Summ           0%         N/A       89%         3
 Dazzling Flash           Conj/Hex       0%         N/A       89%         3
 Frozen Ramparts          Ice            0%         1d1       89%         3
 Hailstorm                Conj/Ice       0%         3d3       89%         3
 Mephitic Cloud           Conj/Pois/Air  0%         N/A       89%         3
 Portal Projectile        Hex/Tloc       0%         N/A       89%         3
 Spider Form              Tmut/Pois      0%         N/A       89%         3
 Summon Guardian Golem    Hex/Summ       0%         N/A       89%         3
 Animate Armour           Summ/Erth      0%         N/A       100%        4
 Leda's Liquefaction      Hex/Erth       0%         N/A       100%        4
 Summon Lightning Spire   Summ/Air       0%         N/A       100%        4
 Agony                    Necr           0%         N/A       100%        5
 Blade Hands              Tmut           0%         N/A       100%        5
 Freezing Cloud           Conj/Ice/Air   0%         6-21      100%        5
 Silence                  Hex/Air        0%         N/A       100%        5
 Orb of Destruction       Conj           0%         9d5       100%        7
 Spellforged Servitor     Conj/Summ      0%         N/A       100%        7


Dungeon Overview and Level Annotations

Branches:
Dungeon (10/15)            Temple (1/1) D:4            Lair (0/5) D:10
    Orc (0/2) D:10

Altars:
Ashenzari
Cheibriados
Dithmenos
Elyvilon
Fedhas
Gozag
Hepliaklqana
Kikubaaqudgha
Makhleb
Nemelex Xobeh
Okawaru
Qazlal
Ru
Sif Muna
Trog
Uskayaw
Vehumet
Wu Jian
Xom
Yredelemnul
Zin
The Shining One

Shops:
D:1 [(   D:5 !

Annotations:
D:9 1 runed translucent door, nemohh's ghost, novice HOFi


Innate Abilities, Weirdness & Mutations

You have a beak for a mouth.
You have claws for feet.
Your magical nature lets you fly swiftly and evasively.


Message History

Your peck misses the acid dragon. The gnoll sergeant closely misses you.
The acid dragon misses you.
The acid dragon claws you but does no damage.
The orc warrior misses you.
You hit the acid dragon. You claw the acid dragon.
The acid dragon is moderately wounded.
Unknown command.
You hit the acid dragon but do no damage.
The acid dragon is moderately wounded.
You block the gnoll sergeant's attack.
The acid dragon bites you but does no damage.
The acid dragon closely misses you. The orc warrior barely misses you.
The yak is distracted by your dazzling golden aura.
The yak bellows!
You hit the acid dragon. Your kick misses the acid dragon.
The acid dragon is heavily wounded.
The gnoll sergeant closely misses you. The acid dragon barely misses you.
The acid dragon misses you. The orc warrior barely misses you.
You barely miss the acid dragon. You claw the acid dragon.
The acid dragon is almost dead.
The yak is no longer distracted by gold.
The gnoll sergeant hits you but does no damage.
The acid dragon completely misses you. You block the acid dragon's attack.
The orc warrior hits you from afar with a +0 glaive.
You hit the acid dragon but do no damage.
Your kick misses the acid dragon. You peck the acid dragon.
The acid dragon is almost dead.
The gnoll sergeant hits you from afar with a +0 trident.
The acid dragon bites you but does no damage.
The acid dragon completely misses you.
The orc warrior hits you from afar with a +0 glaive.
You hit the acid dragon but do no damage.
Your kick misses the acid dragon.
You peck the acid dragon, but do no damage.
The acid dragon is almost dead.
The gnoll sergeant hits you from afar with a +0 trident.
The acid dragon spits acid at you. The splash of acid hits you!!
You die...
Your body crumbles into a pile of gold.

#..####.....# #. ###
#.......#.#..... ...
..........###.##. ##
#................ ###
.......O......... ...
.....##.#Y#.#.#..## ##~
...........goY.#.# .# # #.(
#.##.....###D#.#.#..# #.#.. #.#
#.##.....###@#.#.#.. ##... ...
.................... #.... ..#
#.##.....##..#.#.#..#####...# ..#
#.##.....##..#.#.#.)...#..... ..#
#.##.....##.........# #~..~.# ..#
#........###.#.#.#..###......
..###.##....## #.#.#.#..#........
......##....# #.#.#.#..#.#......
..###.##....####.#.#.#.[#.#~..#.#


You could see a two-headed ogre, 2 yaks, an orc warrior, an acid dragon
(catching breath) and a gnoll sergeant.

Vanquished Creatures
  A two-headed ogre (D:8)
  Pikel (D:7)
  Maggie (D:10)
  A rime drake (D:10)
  2 trolls (D:10)
  A polar bear (D:10)
  Sigmund (D:4)
  A wraith (D:8)
  2 wyverns
  A shadow (D:10)
  20 yaks
  2 steam dragons (D:7)
  Edmund (D:5)
  A water moccasin (D:6)
  4 acid dragons
  2 orc warriors (D:8)
  5 ice beasts
  3 ogres (D:5)
  A centaur (D:7)
  A wolf (D:10)
  3 lemures (D:7)
  2 bullfrogs
  2 kobold brigands (D:9)
  Blork the orc (D:4)
  3 scorpions
  8 wights
  9 killer bees
  A howler monkey (D:9)
  7 jellies
  A hound (D:7)
  7 orc priests
  A sleepcap (D:4)
  A gnoll bouda (D:5)
  Natasha (thrice) (D:4)
  2 iguanas
  8 orc wizards
  Robin (D:3)
  12 adders
  7 gnolls (D:5)
  2 shadow imps
  A white imp (D:6)
  4 worms
  3 dart slugs
  36 orcs
  3 endoplasms
  3 giant cockroaches
  13 goblins
  13 hobgoblins
  4 jackals (D:1)
  6 quokkas
  9 ball pythons
  5 bats
  2 frilled lizards
  15 kobolds
  3 rats
253 creatures vanquished.

Notes
Turn   | Place    | Note
-------+----------+-------------------------------------------
     0 | D:1      | Zonian the Tengu Gladiator began the quest for the Orb.
     0 | D:1      | Reached XP level 1. HP: 12/12 MP: 2/2
    69 | D:1      | Found Qaeruedy's Antique Armour Boutique.
   157 | D:1      | Reached XP level 2. HP: 17/17 MP: 3/3
   376 | D:1      | Found a transporter.
   376 | D:1      | Found Yrodilam's Weapon Shoppe.
   388 | D:1      | Reached XP level 3. HP: 19/22 MP: 4/4
   395 | D:1      | Found a transporter.
   698 | D:1      | Found a faded altar of an unknown god.
   992 | D:2      | Reached XP level 4. HP: 20/27 MP: 5/5
  1138 | D:2      | Learned a level 1 spell: Beastly Appendage
  1905 | D:3      | Noticed Robin
  1991 | D:3      | Killed Robin
  1992 | D:3      | Gained mutation: Your magical nature lets you fly swiftly
                  | and evasively. [Tengu growth]
  1992 | D:3      | Reached XP level 5. HP: 24/32 MP: 6/6
  2365 | D:4      | Found a staircase to the Ecumenical Temple.
  2476 | Temple   | Entered the Ecumenical Temple
  2698 | Temple   | Became a worshipper of Gozag Ym Sagoz the Greedy
  2755 | D:4      | Noticed Blork the orc
  2788 | D:4      | Killed Blork the orc
  2789 | D:4      | Reached skill level 1 in Stealth
  2789 | D:4      | Reached XP level 6. HP: 27/37 MP: 7/7
  2971 | D:4      | Noticed Natasha
  2977 | D:4      | Killed Natasha
  3060 | D:4      | Noticed Sigmund
  3074 | D:4      | Killed Sigmund
  3075 | D:4      | Reached skill level 5 in Dodging
  3075 | D:4      | Reached skill level 5 in Unarmed Combat
  3075 | D:4      | Reached XP level 7. HP: 43/43 MP: 8/8
  3433 | D:4      | Noticed Natasha
  3443 | D:4      | Killed Natasha
  3568 | D:4      | Noticed Natasha
  3594 | D:4      | Killed Natasha
  3730 | D:5      | Entered Level 5 of the Dungeon
  4347 | D:5      | Found Raceb's Distillery.
  4354 | D:5      | Reached XP level 8. HP: 48/48 MP: 9/9
  4375 | D:5      | Bought 2 potions of curing for 66 gold pieces
  4732 | D:5      | Found a glowing silver altar of Zin.
  4980 | D:5      | Noticed Edmund
  4998 | D:5      | Killed Edmund
  4999 | D:5      | Reached skill level 5 in Fighting
  5830 | D:6      | Found a snail-covered altar of Cheibriados.
  5885 | D:6      | Reached skill level 5 in Stealth
  6092 | D:6      | Reached XP level 9. HP: 39/54 MP: 10/10
  6984 | D:7      | Noticed Pikel
  7020 | D:7      | Killed Pikel
  7304 | D:7      | Found a glowing golden altar of the Shining One.
  7819 | D:1      | Bought a jade-encrusted leather armour for 126 gold pieces
  7819 | D:1      | Identified the +4 leather armour of the Date {Harm Stlth+}
                  | (You bought it in a shop on level 1 of the Dungeon)
  7819 | D:1      | Bought a bloodstained scale mail for 162 gold pieces
  7819 | D:1      | Identified the +0 scale mail of the Sun {Dex+4} (You bought
                  | it in a shop on level 1 of the Dungeon)
  7819 | D:1      | Bought a runed buckler for 135 gold pieces
  8361 | D:8      | Reached XP level 10. HP: 57/63 MP: 11/11
  8370 | D:8      | Reached skill level 1 in Shields
  8570 | D:8      | Noticed a two-headed ogre
  8583 | D:8      | Killed a two-headed ogre
  9205 | D:9      | Found a runed translucent door.
  9205 | D:9      | Noticed nemohh's ghost (novice HOFi)
 10650 | D:10     | Entered Level 10 of the Dungeon
 10650 | D:10     | Found a staircase to the Orcish Mines.
 10700 | D:10     | Noticed Maggie
 10707 | D:10     | Reached XP level 11. HP: 68/68 MP: 12/12
 10797 | D:10     | Killed Maggie
 11063 | D:10     | Reached skill level 10 in Unarmed Combat
 11139 | D:10     | Reached skill level 10 in Dodging
 11267 | D:10     | Found a staircase to the Lair.
 11386 | D:10     | Found a shadowy altar of Dithmenos.
 11398 | D:10     | Found a shimmering blue altar of Sif Muna.
 11625 | D:10     | Noticed a two-headed ogre
 11626 | D:10     | Noticed a two-headed ogre
 11672 | D:10     | Killed from afar by an acid dragon

Illustrated notes

Levels and vault maps discovered:
D:1:      ebering_trefoil_twist, layout_basic, serial_shops,
          nicolae_shop_drivethru, shop,
          dreamdust_ecumenical_altar_angels_and_demons, nrook_loot_triangle
D:2:      layout_loops_corners, grunt_ministairs_2
D:3:      cheibrodos_old_hovel, layout_rooms, uniq_robin
D:4:      layout_loops_ring, minmay_temple_entry_slanted,
          kennysheep_small_spiral, st_stairs_14, uniq_sigmund, uniq_natasha,
          uniq_blork_the_orc
D:5:      layout_loops_corners, kennysheep_mini, serial_shops,
          nicolae_shop_industrial_runoff, uniq_edmund
D:6:      layout_basic, cheibriados_altar_2, serial_park_tiny_pond,
          palyth_stone_intersect, kennysheep_small_square
D:7:      layout_gridville, tso_metal_star, uniq_pikel
D:8:      layout_cave_pods
D:9:      layout_cave_pools, gammafunk_ghost_grave
D:10:     layout_basic, amethyst_overflow_temple_binary,
          hellmonk_lair_entry_icy, orc_0_dummy, minmay_alternating_orb,
          uniq_maggie
Temple:   bh_familiar_temple

Skill      XL: |  1  2  3  4  5  6  7  8  9 10 11 |
---------------+----------------------------------+-----
Dodging        | 4 5 6 8 9 10 | 10.2
Unarmed Combat | 4 5 6 8 9 10 | 10.2
Fighting       | 3 4 5 7 8 9 |  9.1
Throwing       | 3 |  3.1
Stealth        | 1 2 3 5 6 8 9 |  9.0
Shields        | 4 |  4.0

Action                     |  1- 3 |  4- 6 |  7- 9 | 10-12 || total
---------------------------+-------+-------+-------+-------++-------
  Melee: Unarmed           |    83 |   145 |   324 |   332 ||   884
         Kick              |    19 |    44 |   114 |   127 ||   304
         Peck              |     9 |    23 |    62 |    75 ||   169
         Punch             |     2 |     3 |    18 |       ||    23
  Throw: Boomerang         |       |     3 |     2 |       ||     5
         Throwing net      |       |     2 |     1 |       ||     3
         Javelin           |       |     1 |       |       ||     1
  Evoke: Wand              |       |       |    17 |     3 ||    20
    Use: Scroll            |       |    10 |     7 |     2 ||    19
         Potion            |       |       |       |     2 ||     2
   Stab: Sleeping          |     2 |       |     2 |     5 ||     9
         Held in net/web   |       |       |     1 |       ||     1
         Distracted        |       |       |     1 |       ||     1
         Paralysed         |       |       |       |     2 ||     2
 Armour: Leather armour    |    33 |    23 |     8 |    95 ||   159
         Ring mail         |       |    16 |    74 |       ||    90
  Dodge: Dodged            |    61 |    81 |   242 |   241 ||   625
  Block: Buckler           |       |       |     5 |    82 ||    87

Table legend: (Time is in decaauts)
 A = Elapsed time spent in this place.
 B = Non-inter-level travel time spent in this place.
 C = Inter-level travel time spent in this place.
 D = Time resting spent in this place.
 E = Time spent auto-exploring this place.
 F = Levels seen in this place.
 G = Mean time per level.
                   A        B        C        D        E       F      G
               +--------+--------+--------+--------+--------+-----+--------+
         Total |  10996 |  10487 |    509 |   2196 |   5603 |  11 |  999.6 |
       Dungeon |  10782 |  10285 |    497 |   2196 |   5464 |  10 | 1078.2 |
        Temple |    214 |    203 |     11 |      0 |    139 |   1 |  214.0 |
               +--------+--------+--------+--------+--------+-----+--------+

Top non-repeatable levels by time:
     D:4: 1640 daAuts
     D:6: 1420 daAuts
     D:5: 1198 daAuts
     D:8: 1198 daAuts
     D:9: 1135 daAuts
     D:1: 1005 daAuts
    D:10: 942 daAuts
     D:2: 861 daAuts
     D:7: 844 daAuts
     D:3: 535 daAuts
  Temple: 214 daAuts
